 Dungeon Crawl Stone Soup version 0.31-a0-1308-ga3cce3a448 (webtiles) character file.

Game seed: 1433235938721612875

237 dialectric the Insei (level 6, 0/42 HPs)
             Began as an Octopode Shapeshifter on Dec 19, 2023.
             Slain by an iguana (7 damage)
             ... on level 4 of the Dungeon.
             The game lasted 00:02:23 (2832 turns).

dialectric the Insei (Octopode Shapeshifter)        Turns: 2832, Time: 00:02:24

Health: 0/42       AC:  1    Str: 13    XL:     6   Next: 6%
Magic:  6/6        EV: 14    Int: 12    God:
Gold:   173        SH:  0    Dex: 14    Spells: 5/5 levels left

rFire   . .          .
                       - Unarmed
rCold   . . .        (no shield)
rNeg    . . .        (helmet currently unavailable)
rPois   .            (no amulet)
rElec   .            (no ring)
rCorr   .            (no ring)
SInv    .            (no ring)
Will    .....        (no ring)
Stlth   ++           (no ring)
HPRegen 0.27/turn    (no ring)
MPRegen 0.10/turn    (no ring)
                     (no ring)

%: no passive effects
@: beast-form
A: beast (slay +2), almost no armour, amphibious, 8 rings, camouflage 1,
gelatinous body 1, (nimble swimmer 1), tentacles
a: Begin Untransformation


You were on level 4 of the Dungeon.
You were a hulking beast.
You visited 1 branch of the dungeon, and saw 4 of its levels.

You collected 173 gold pieces.

Inventory:

Jewellery
 r - a ring of ice
Talismans
 b - a beast talisman
 c - a flux talisman
Scrolls
 e - 2 scrolls of poison {unknown}
 g - 5 scrolls of identify {unknown}
 i - a scroll of teleportation {unknown}
 j - a scroll of amnesia {unknown}
 k - a scroll of silence {unknown}
 m - a scroll of immolation {unknown}
 o - 2 scrolls of fear {unknown}
 p - a scroll of brand weapon {unknown}
 s - a scroll of noise {unknown}
 t - a scroll of vulnerability {unknown}
Potions
 d - 2 potions of ambrosia {unknown}
 f - a potion of attraction {unknown}
 h - 2 potions of haste {unknown}
 l - a potion of curing {unknown}
 n - 2 potions of mutation {unknown}
 q - a potion of brilliance {unknown}


   Skills:
 + Level 3.0 Fighting
 + Level 3.4 Dodging
 + Level 4.1 Unarmed Combat
 + Level 3.9 Shapeshifting


You had 5 spell levels left.
You didn't know any spells.
Your spell library contained the following spells:

 Spells                   Type           Power      Damage    Failure   Level
 Slow                     Hex            0%         N/A       32%         1
 Sting                    Tmut/Pois      0%         1d3       32%         1
 Summon Small Mammal      Summ           0%         N/A       32%         1
 Poisonous Vapours        Pois/Air       0%         N/A       45%         2
 Call Canine Familiar     Summ           0%         N/A       69%         3
 Confusing Touch          Hex            0%         N/A       69%         3
 Sigil of Binding         Hex            0%         N/A       69%         3
 Summon Guardian Golem    Hex/Summ       0%         N/A       69%         3
 Vampiric Draining        Necr           0%         2d6       69%         3
 Olgreb's Toxic Radiance  Pois           0%         N/A       97%         4


Dungeon Overview and Level Annotations

Branches:
Dungeon (4/15)
 Temple: D:4-7

Altars:


Innate Abilities, Weirdness & Mutations

You are a hulking beast.
Your limbs bulge with bestial killing power. (Slay +2)
You cannot wear most types of armour.
You are amphibious.
You can wear up to eight rings at the same time.
Your skin changes colour to match your surroundings (Stealth+).
Your rubbery body absorbs attacks. (AC +1, EV +1)
((You are camouflaged when in or above water. (Stealth+)))
You have tentacles for arms and can constrict up to eight enemies at once.


Message History

Okay, then.
Unknown command.
You feel sick.
You smack the goblin!
You kill the goblin!
You feel sick.
You cannot move.
You start resting.
You feel sick.
A giant cockroach is nearby!
A giant cockroach is nearby!
A giant cockroach is nearby!
You cannot move.
You feel sick.
An iguana comes into view.
You feel sick.
The iguana hisses angrily.
You feel sick.
You are no longer poisoned.
You smack the giant cockroach!
You kill the giant cockroach!
Your Fighting skill increases to level 3!
You cannot move.
Your transformation is almost over.
You hit the iguana but do no damage.
The iguana bites you but does no damage.
You hit the iguana but do no damage.
The iguana bites you but does no damage.
You hit the iguana but do no damage. The iguana bites you!
* * * LOW HITPOINT WARNING * * *
You hit the iguana but do no damage.
The iguana bites you but does no damage.
You barely miss the iguana.
The iguana bites you but does no damage.
You closely miss the iguana. The iguana bites you.
* * * LOW HITPOINT WARNING * * *
You hit the iguana.
The iguana is lightly wounded.
You feel less wooden.
You turn into a hulking beast.
The iguana bites you!
You die...

.......... ........# .
.../...##.. #........ ..
.# #......# .. .#
##......#### #.
..###...........
###..#......l#####..#.#
...#.#..####h#..P.P.#.# .
##......# #.P......P.
.......#..# #.#...)..# #
#. #...<## #.#......#.#
#. ###...# #.#P).P....#
>.##. #...###†P........#
......##....##.##...#P#.#
............##...........
.###.....................


You could see an iguana.

Vanquished Creatures
  A scorpion (D:4)
  Jessica (D:3)
  3 gnolls (D:2)
  6 adders
  2 worms
  A dart slug (D:3)
  6 ball pythons
  6 bats
  4 endoplasms
  4 giant cockroaches
  9 goblins
  3 hobgoblins
  3 jackals (D:1)
  A quokka (D:3)
  4 frilled lizards (D:1)
  7 kobolds
  4 rats
65 creatures vanquished.

Notes
Turn   | Place    | Note
-------+----------+-------------------------------------------
     0 | D:1      | dialectric the Octopode Shapeshifter began the quest for
                  | the Orb.
     0 | D:1      | Reached XP level 1. HP: 13/13 MP: 1/1
   244 | D:1      | Reached XP level 2. HP: 18/18 MP: 2/2
   721 | D:1      | Reached XP level 3. HP: 13/23 MP: 3/3
  1533 | D:2      | Reached XP level 4. HP: 29/29 MP: 4/4
  1899 | D:2      | Found a faded altar of an unknown god.
  2249 | D:3      | Reached XP level 5. HP: 35/35 MP: 5/5
  2449 | D:3      | Noticed Jessica
  2454 | D:3      | Killed Jessica
  2816 | D:4      | Reached skill level 4 in Unarmed Combat
  2816 | D:4      | Reached XP level 6. HP: 20/41 MP: 6/6
  2832 | D:4      | Slain by an iguana

Illustrated notes

Levels and vault maps discovered:
D:1:      wheals_arrival_linesprint, layout_basic, st_stairs_8
D:2:      layout_basic, shapermc_ecumenical_altar_petra, minmay_tromino_v7
D:3:      layout_loops_ring, minmay_quantized, uniq_jessica
D:4:      cheibrodos_old_hovel, layout_rooms, ebering_ghost_reflecting_pool

Skill      XL: |  1  2  3  4  5  6 |
---------------+-------------------+-----
Fighting       | 2 3 |  3.0
Dodging        | 3 |  3.4
Unarmed Combat | 4 |  4.1
Shapeshifting  | |  3.9

Action                     |  1- 3 |  4- 6 || total
---------------------------+-------+-------++-------
  Melee: Unarmed           |    69 |    65 ||   134
         Constrict         |    19 |    21 ||    40
         Tentacles         |    12 |    17 ||    29
         Punch             |     2 |     1 ||     3
    Use: Potion            |       |     1 ||     1
   Stab: Sleeping          |     7 |     2 ||     9
 Armour: Skin              |    27 |    31 ||    58
  Dodge: Dodged            |    36 |    35 ||    71

Table legend: (Time is in decaauts)
 A = Elapsed time spent in this place.
 B = Non-inter-level travel time spent in this place.
 C = Inter-level travel time spent in this place.
 D = Time resting spent in this place.
 E = Time spent auto-exploring this place.
 F = Levels seen in this place.
 G = Mean time per level.
                   A        B        C        D        E       F      G
               +--------+--------+--------+--------+--------+-----+--------+
         Total |   2823 |   2660 |    163 |      2 |   2208 |   4 |  705.8 |
       Dungeon |   2823 |   2660 |    163 |      2 |   2208 |   4 |  705.8 |
               +--------+--------+--------+--------+--------+-----+--------+

Top non-repeatable levels by time:
     D:1: 1086 daAuts
     D:2: 964 daAuts
     D:3: 712 daAuts
     D:4: 59 daAuts
